 Dungeon Crawl Stone Soup version 0.18-a0-1639-g7533f42 (webtiles) character file.

121 Krapule the Charmwright (level 4, -1/30 HPs)
             Began as a High Elf Skald on Mar 27, 2016.
             Slain by a river rat (5 damage)
             ... on level 3 of the Dungeon.
             The game lasted 00:06:32 (2684 turns).

Krapule the Charmwright (High Elf Skald)            Turns: 2684, Time: 00:06:33

Health: -1/30      AC:  5    Str: 12    XL:     4   Next: 76%
Magic:  7/10       EV:  9    Int: 16    God:
Gold:   86         SH:  0    Dex: 14    Spells: 3 memorised, 4 levels left

rFire  . . .     SeeInvis .     a - +0 falchion
rCold  . . .     Gourm    .     b - +0 leather armour
rNeg   . . .     Faith    .     (no shield)
rPois  .         Spirit   .     (no helmet)
rElec  .         Dismiss  .     i - +1 cloak
rCorr  .         Reflect  .     (no gloves)
SustAt .         Harm     .     (no boots)
MR     .....                    (no amulet)
Stlth  +.........               (no ring)
                                (no ring)

@: constricted, not resistant to hostile enchantments, very unstealthy
A: no striking features
a: no special abilities


You were on level 3 of the Dungeon.
You were hungry.

You visited 1 branch of the dungeon, and saw 3 of its levels.

You collected 86 gold pieces.

Inventory:

Hand Weapons
 a - a +0 falchion (weapon)
Armour
 b - a +0 leather armour (worn)
 i - a +1 cloak (worn)
Wands
 p - a wand of random effects (20/48)
Scrolls
 g - 2 scrolls of identify {unknown}
 k - a scroll of noise {unknown}
 m - a scroll of remove curse {unknown}
 r - 3 scrolls of magic mapping {unknown}
 u - a scroll of immolation {unknown}
Potions
 e - a potion of lignification {unknown}
 h - a potion of mutation {unknown}
 j - 2 potions of haste {unknown}
 n - a potion of flight {unknown}
 o - a potion of cancellation {unknown}
Books
 c - a book of Battle

   Spells                             Type                      Level
   a - Infusion                       Charms                       1
   b - Shroud of Golubria             Charms/Translocation         2
   c - Song of Slaying                Charms                       2
   d - Spectral Weapon                Hexes/Charms                 3
   e - Regeneration                   Charms/Necromancy            3
Comestibles
 d - 2 bread rations
 f - 2 meat rations
 l - a slice of pizza
 q - 3 fruits
 s - a beef jerky


   Skills:
 + Level 2.8 Fighting
 - Level 3.0 Long Blades
 - Level 1.0 Armour
 + Level 2.3 Dodging
 + Level 3.3 Spellcasting
 + Level 4.5 Charms


You had 4 spell levels left.
You knew the following spells:

 Your Spells              Type           Power        Failure   Level  Hunger
a - Infusion              Chrm           ###.         4%          1    None
b - Song of Slaying       Chrm           ###.....     8%          2    ##.....
c - Shroud of Golubria    Chrm/Tloc      #.........   14%         2    ##.....


Dungeon Overview and Level Annotations

Branches:
Dungeon (3/15)

Altars:
Dithmenos
Nemelex Xobeh
Qazlal
Sif Muna
Trog
Yredelemnul


Message History

* * * LOW HITPOINT WARNING * * *
An orc priest comes into view. It is wielding a whip.
You are too injured to fight recklessly!
You hit the river rat.
The river rat is heavily wounded.
The river rat bites you.
* * * LOW HITPOINT WARNING * * *
You see here a tomahawk.
Your song is almost over.
The giant cockroach waves its antennae.
The orc priest casts a cantrip, but nothing happens.
Your song has ended.
There is a stone staircase leading up here.
The river rat barely misses you.
The ball python bites you but does no damage.
The ball python grabs you.
You stop ascending the stairs.
The ball python constricts you.
Your attempt to break free from the ball python fails, but you feel that another attempt might succeed.
The river rat bites you.
You die...

###### ###############.@r.####
......>..##......S....#
######......###.##s##.#
.#####......###.##.##.##########
............#........S....o....##
.#####......#.#.#####.###.s.(....
.# #......#.#.# #.# ######.## .#
###.##.#.#.#####.# #.# .#
#.......#......# #.#


You could see a river rat, a giant cockroach and a ball python.

Vanquished Creatures
  An orc wizard (D:3)
  4 adders (D:2)
  A worm (D:2)
  2 dart slugs (D:2)
  A giant gecko (D:2)
  5 orcs (D:3)
  3 ball pythons
  A giant cockroach (D:3)
  8 goblins
  4 hobgoblins (D:2)
  A quokka (D:2)
  2 bats (D:1)
  3 giant newts
  3 kobolds (D:2)
  3 rats (D:1)
42 creatures vanquished.

Notes
Turn   | Place    | Note
--------------------------------------------------------------
     0 | D:1      | Krapule the High Elf Skald began the quest for the Orb.
     0 | D:1      | Reached XP level 1. HP: 14/14 MP: 4/4
   305 | D:1      | Reached skill level 1 in Armour
   651 | D:1      | Reached XP level 2. HP: 17/19 MP: 6/6
  1056 | D:2      | Reached skill level 4 in Charms
  1421 | D:2      | Found a shadowy altar of Dithmenos.
  1765 | D:2      | Reached XP level 3. HP: 21/24 MP: 8/8
  2295 | D:2      | Found a deep blue altar of Sif Muna.
  2297 | D:2      | Found a sparkling altar of Nemelex Xobeh.
  2330 | D:2      | Reached XP level 4. HP: 26/30 MP: 9/9
  2353 | D:2      | Found a bloodstained altar of Trog.
  2353 | D:2      | Found a stormy altar of Qazlal.
  2360 | D:2      | Found a basalt altar of Yredelemnul.
  2589 | D:3      | Learned a level 2 spell: Song of Slaying
  2592 | D:3      | Learned a level 2 spell: Shroud of Golubria
  2684 | D:3      | Slain by a river rat

Vault maps used:
D:1:      arrival_zaba_pyramid, kennysheep_decorative_pillar
D:2:      nicolae_dithmenos_through_a_glass_darkly,
          nicolae_overflow_hidden_temple, first_bread
D:3:      portal_sewer_entry_b

Skill      XL: |  1  2  3 |
---------------+----------+-----
Armour         | 1 |  1.0
Charms         | 4 |  4.5
Spellcasting   | 3 |  3.3
Dodging        | 2 |  2.3
Long Blades    | 3 |  3.0
Fighting       | |  2.8

Action                   |  1- 3 |  4- 6 || total
-------------------------+-------+-------++-------
Melee: Falchion          |   103 |    43 ||   146
 Cast: Infusion          |     2 |     1 ||     3
       Song of Slaying   |       |     1 ||     1
  Eat: Chunk             |     4 |     1 ||     5
